 Dungeon Crawl Stone Soup version 0.20-a0-899-g09a9bfb (webtiles) character file.

112 BrendanD the Slasher (level 4, -5/37 HPs)
             Began as a Demonspawn Berserker on Mar 18, 2017.
             Was a Believer of Trog.
             Killed from afar by gg19's ghost (16 damage)
             ... with a flame tongue
             ... in a sewer.
             The game lasted 00:04:23 (795 turns).

BrendanD the Slasher (Demonspawn Berserker)          Turns: 795, Time: 00:04:24

Health: -5/37      AC:  6    Str: 18    XL:     4   Next: 63%
Magic:  4/4        EV: 12    Int: 14    God:    Trog [**....]
Gold:   105        SH:  0    Dex: 12    Spells: 3/3 levels left

rFire    . . .     SeeInvis .   a - +0 falchion
rCold    . . .     Gourm    .   b - +0 animal skin
rNeg     . . .     Faith    .   (no shield)
rPois    .         Spirit   .   (no helmet)
rElec    .         Reflect  .   k - +1 cloak
rCorr    .         Harm     .   (no gloves)
MR       .....                  (no boots)
Stlth    +.........             (no amulet)
Regen    0.2/turn               (no ring)
MPRegen  0.1/turn               f - +5 ring of intelligence

@: exhausted, slowed, very slow
A: molten scales 1
a: Berserk, Trog's Hand, Burn Spellbooks, Renounce Religion


You were in a sewer.
You worshipped Trog.
Trog was pleased with you.
You were hungry.

You visited 1 branch of the dungeon, and saw 3 of its levels.
You also visited: Sewer.

You collected 105 gold pieces.

Inventory:

Hand Weapons
 a - a +0 falchion (weapon)
Armour
 b - a +0 animal skin (worn)
 k - a +1 cloak (worn)
Jewellery
 f - a +5 ring of intelligence (left hand)
Scrolls
 d - a scroll of random uselessness {unknown}
 g - a scroll of identify {unknown}
 j - a scroll of magic mapping {unknown}
 l - a scroll of fear {unknown}
 p - a scroll of remove curse {unknown}
Potions
 e - a potion of cancellation
 i - 4 potions of curing {@q1}
 o - a potion of resistance {unknown}
 q - a potion of mutation {unknown}
Comestibles
 c - 2 bread rations
 h - 17 chunks of flesh
 m - 3 fruits
 n - 2 meat rations


   Skills:
 + Level 3.8 Fighting
 * Level 4.4 Long Blades
 - Level 1.7 Armour
 - Level 1.7 Dodging


You had 3 spell levels left.
You didn't know any spells.

Dungeon Overview and Level Annotations

Branches:
Dungeon (3/15)

Altars:
Elyvilon
Qazlal

Annotations:
Sewer gg19's ghost, amateur DEFE


Innate Abilities, Weirdness & Mutations

You are partially covered in molten scales. (AC +2)


Message History

You kill the ball python!
Trog accepts your kill. Why would you want to do that?
You enter the shallow water.
Moving in this stuff is going to be slow.
You feel a strong urge to attack something.
A frilled lizard comes into view.
Gg19's ghost misses you.
You riposte.
You barely miss gg19's ghost.
Your unstable footing causes you to fumble your attack.
Your unstable footing causes you to fumble your attack.
Gg19's ghost hits you but does no damage.
You hit gg19's ghost. Gg19's ghost hits you.
* * * LOW HITPOINT WARNING * * *
You feel a strong urge to attack something.
You are no longer berserk.
You are exhausted.
You feel yourself slow down. Gg19's ghost casts a spell at you.
The flame tongue hits you!
You die...

### ##.#
≈..##∩@####
≈≈≈...≈§.#.#
≈≈≈≈.≈≈≈Wl≈#
≈≈≈≈≈≈≈≈≈≈≈l≈≈≈≈≈
≈≈≈≈≈≈≈≈≈≈≈≈≈≈≈≈≈
≈≈≈≈≈≈≈≈≈≈≈≈≈≈≈≈≈
≈≈≈≈≈≈≈≈≈≈≈≈≈≈≈≈≈
≈≈≈≈≈≈≈≈≈≈≈≈≈≈≈≈≈
≈≈≈≈≈≈≈≈≈##≈≈###


You could see gg19's ghost and 2 frilled lizards.

Vanquished Creatures
  Terence (D:3)
  Ijyb (D:2)
  An adder (D:2)
  A dart slug (D:1)
  A leopard gecko (D:3)
  4 orcs (D:3)
  A ball python (Sewer)
  6 giant cockroaches
  4 goblins
  5 hobgoblins
  6 jackals (D:3)
  A kobold (D:1)
  2 bats (D:1)
  2 frilled lizards (D:1)
  3 rats (D:3)
39 creatures vanquished.

Notes
Turn   | Place    | Note
-------+----------+-------------------------------------------
     0 | D:1      | BrendanD the Demonspawn Berserker began the quest for the Orb.
     0 | D:1      | Reached XP level 1. HP: 18/18 MP: 1/1
   102 | D:1      | Reached skill level 3 in Long Blades
   130 | D:1      | Gained mutation: You are partially covered in molten scales. (AC +2) [demonic ancestry]
   130 | D:1      | Reached XP level 2. HP: 24/24 MP: 2/2
   348 | D:2      | Found a white marble altar of Elyvilon.
   385 | D:2      | Reached XP level 3. HP: 29/29 MP: 3/3
   406 | D:2      | Noticed Ijyb
   421 | D:2      | Killed Ijyb
   441 | D:2      | Reached ** piety under Trog
   538 | D:3      | Found a stormy altar of Qazlal.
   585 | D:3      | Noticed Terence
   593 | D:3      | Killed Terence
   593 | D:3      | Reached skill level 4 in Long Blades
   593 | D:3      | Reached XP level 4. HP: 37/37 MP: 4/4
   779 | D:3      | Found a glowing drain.
   783 | Sewer    | Entered a sewer
   785 | Sewer    | Noticed gg19's ghost (amateur DEFE)
   795 | Sewer    | Killed from afar by gg19's ghost

Vault maps used:
D:1:      dpeg_arrival_windows_large_door
D:2:      minmay_kobold_bridge, elyvilon_altar_5, uniq_iyjb
D:3:      gup_sewer_entry_bowl, nicolae_qazlal_general_emergency, uniq_robin,
          uniq_terence
Sewer:    sewer_co_purgy_island

Skill      XL: |  1  2  3 |
---------------+----------+-----
Long Blades    | 3 4 |  4.4
Fighting       | |  3.8
Armour         | |  1.7
Dodging        | |  1.7

Action                   |  1- 3 |  4- 6 || total
-------------------------+-------+-------++-------
Melee: Falchion          |    79 |    51 ||   130
Invok: Berserk           |     1 |     1 ||     2
  Use: Potion            |       |     2 ||     2
  Eat: Chunk             |       |     1 ||     1
Armor: Animal skin       |    35 |    32 ||    67
Dodge: Dodged            |    49 |    57 ||   106
       Rpst.: Falchion   |     8 |    19 ||    27
